[Event "Landsturneringen 2023"]
[Site "Vallhall, Oslo"]
[Date "2023.07.04"]
[Round "5"]
[White "Moen, Andreas G.R."]
[Black "Machlik, Monika"]
[Result "1-0"]
[WhiteTitle "IM"]
[WhiteElo "2287"]
[BlackElo "2119"]
[TimeControl "40/5400+30:1800+30"]
[BlackFideId "1513621"]
[WhiteFideId "1501453"]

1. e4 c6 2. d4 d5 3. Nd2 dxe4 4. Nxe4 Nf6 5. Nxf6+ exf6 6. c3 Bd6 7. Bd3
O-O 8. Qc2 Re8+ 9. Ne2 h5 10. Be3 Nd7 11. Qd2 a6 12. Bf4 Nf8 13. Bxd6 Qxd6
14. O-O h4 15. Qf4 Qxf4 16. Nxf4 Ne6 17. Rfe1 Bd7 18. Nxe6 Rxe6 19. f4 Rae8
20. Kf2 Rxe1 21. Rxe1 Rxe1 22. Kxe1 f5 23. Kd2 Kf8 24. c4 Ke7 25. Kc3 Kd6
26. c5+ Kd5 27. Bc2 f6 28. Kd3 Ke6 29. Bb3+ Ke7 30. d5 Kd8 31. d6 Kc8 32.
Kd4 Kb8 33. Bc4 a5 34. a4 Ka7 35. b4 axb4 36. a5 Kb8 37. Kd3 Ka8 38. Kc2
Kb8 39. Kb3 Ka8 40. Kxb4 Ka7 41. Kc3 Bc8 42. Kd4 Bd7 43. Ke3 Kb8 44. g3
hxg3 45. h4 Kc8 46. Kf3 Kd8 47. Bf7 Kc8 48. Kxg3 Kb8 49. h5 Ka7 50. Bc4 Kb8
51. Kh4 Be8 52. Be6 Ka7 53. d7 Bxd7 54. Bxd7 Ka6 55. Bxf5 Kxa5 56. Bc8 Kb5
57. Kg4 Kxc5 58. Bxb7 Kd6 59. Kf5 c5 60. Kg6 1-0

[Event "Landsturneringen 2023"]
[Site "Vallhall, Oslo"]
[Date "2023.07.04"]
[Round "5"]
[White "Johnson, Daniel"]
[Black "Gomez Aguirre, Juan Alberto"]
[Result "1/2-1/2"]
[BlackTitle "CM"]
[WhiteElo "2224"]
[BlackElo "2157"]
[TimeControl "40/5400+30:1800+30"]
[BlackFideId "54587867"]
[WhiteFideId "1721283"]

1. Nf3 d5 2. g3 g6 3. Bg2 Bg7 4. d4 Nf6 5. O-O O-O 6. c4 c6 7. cxd5 cxd5 8.
Nc3 Nc6 9. Ne5 Bf5 10. Nxc6 bxc6 11. Bf4 Nd7 12. Qd2 e5 13. dxe5 Nxe5 14.
b3 Nd7 15. Rac1 Nb6 16. Rfd1 Be6 17. Be3 Qd7 18. Bd4 Bxd4 19. Qxd4 Qe7 20.
Na4 Nxa4 21. bxa4 Rfc8 22. Rc5 Rab8 23. Rdc1 Qb7 24. h4 Qb2 25. R5c3 Qb4
26. Qf6 h5 27. Re3 Qb2 28. Rcc3 Qb1+ 29. Kh2 Qf5 30. Qxf5 Bxf5 31. Re7 Rb2
32. Bf3 Rxa2 33. Rxa7 d4 34. Rxc6 Rxc6 35. Bxc6 Rxe2 36. Kg2 Be4+ 37. Bxe4
Rxe4 38. Kf3 f5 39. a5 d3 40. Rd7 Ra4 41. a6 Rxa6 42. Kf4 Ra4+ 43. Kg5 Rg4+
44. Kf6 f4 45. gxf4 Rxf4+ 46. Kxg6 Rxf2 47. Rxd3 Rf8 48. Rd7 Ra8 49. Rd6
Rb8 50. Kh6 Kh8 51. Kxh5 Kg7 52. Rd7+ Kg8 53. Rd5 Kg7 54. Kg5 Rb7 55. h5
Ra7 56. h6+ Kh7 57. Kh5 Rb7 58. Rg5 Ra7 59. Rg7+ Rxg7 60. hxg7 Kxg7 1/2-1/2

[Event "Landsturneringen 2023"]
[Site "Vallhall, Oslo"]
[Date "2023.07.04"]
[Round "5"]
[White "Kolås, Tore"]
[Black "Nettleton, Charlie"]
[Result "0-1"]
[WhiteElo "2141"]
[BlackElo "2090"]
[TimeControl "40/5400+30:1800+30"]
[BlackFideId "419710"]
[WhiteFideId "1502050"]

1. e4 e6 2. d4 d5 3. Nc3 Nf6 4. e5 Nfd7 5. f4 c5 6. Nf3 Nc6 7. Be3 Be7 8.
a3 a6 9. Qd2 O-O 10. dxc5 Nxc5 11. Qf2 Qa5 12. O-O-O Na4 13. b4 Nxc3 14.
bxa5 Bxa3+ 15. Kd2 Ne4+ 16. Ke2 Nxf2 17. Kxf2 Bb4 18. Rb1 Bxa5 19. Bc5 Re8
20. Bd3 b5 21. Rb3 Bd7 22. Ng5 h6 23. Bh7+ Kh8 24. h4 Bd8 25. Bd3 f5 26.
Nf7+ Kg8 27. Nd6 Be7 28. g4 Bxd6 29. Bxd6 fxg4 30. Kg3 Nd4 31. Ra3 Nf5+ 32.
Bxf5 exf5 33. Bb4 Rec8 34. c3 Rc6 35. Rha1 Bc8 36. Rd1 Bb7 37. Rd4 Rc4 38.
e6 Rac8 39. Kf2 R8c6 40. e7 Re6 41. Ra2 Kf7 42. Re2 Rxe2+ 43. Kxe2 Rxd4 44.
cxd4 Bc6 45. Kf2 Kf6 46. Kg3 g6 47. Kf2 g5 48. hxg5+ hxg5 49. Kg3 gxf4+ 50.
Kxf4 Ke6 51. Kg3 Bd7 52. Kf4 Be8 53. Kg3 Kd7 54. Kf4 Kc6 55. Be1 Bd7 56.
Ke5 a5 57. Kf6 b4 58. Kf7 b3 0-1

[Event "Landsturneringen 2023"]
[Site "Vallhall, Oslo"]
[Date "2023.07.04"]
[Round "5"]
[White "Aulin-Jansson, Jøran"]
[Black "Lye, Sverre"]
[Result "0-1"]
[WhiteTitle "FM"]
[BlackTitle "CM"]
[WhiteElo "2140"]
[BlackElo "2107"]
[TimeControl "40/5400+30:1800+30"]
[BlackFideId "1539353"]
[WhiteFideId "1500279"]

1. e4 c5 2. Nc3 Nc6 3. f4 g6 4. Nf3 Bg7 5. Bc4 e6 6. f5 exf5 7. d3 d6 8.
O-O Nge7 9. Qe1 h6 10. Kh1 Be6 11. exf5 Bxf5 12. g4 Be6 13. Bxe6 fxe6 14.
Qxe6 Qd7 15. Ng5 Ne5 16. Qxd7+ Kxd7 17. Nf7 Raf8 18. Nxe5+ Bxe5 19. Bd2 h5
20. gxh5 Rxf1+ 21. Rxf1 Rxh5 22. Rf2 Rf5 23. Be3 Rxf2 24. Bxf2 Bxc3 25.
bxc3 Nd5 26. Be1 Ne3 27. Bd2 Nxc2 28. Kg2 b5 29. Kf3 Ke6 30. Ke2 b4 31. Kd1
bxc3 32. Bxc3 Nb4 0-1

[Event "Landsturneringen 2023"]
[Site "Vallhall, Oslo"]
[Date "2023.07.04"]
[Round "5"]
[White "Røyset, Pål Nikolai"]
[Black "Engelsen, Teodor Tenfjord"]
[Result "1/2-1/2"]
[WhiteTitle "CM"]
[WhiteElo "2165"]
[BlackElo "1977"]
[TimeControl "40/5400+30:1800+30"]
[BlackFideId "45188521"]
[WhiteFideId "1501330"]

1. e4 c5 2. Nf3 Nc6 3. Bb5 e5 4. O-O Bd6 5. Re1 a6 6. Bf1 Nge7 7. c3 O-O 8.
a3 Bc7 9. b4 d5 10. bxc5 dxe4 11. Ng5 Bf5 12. Bc4 Qd7 13. Nxe4 Rad8 14. Qe2
Nd5 15. d3 Rfe8 16. Bg5 Nf4 17. Qf3 Rc8 18. Nbd2 Na5 19. Nd6 Bxd6 20. cxd6
Nxc4 21. Bxf4 Bg4 22. Qd5 Be6 23. Qe4 Bf5 24. Qd5 Be6 25. Qe4 Bf5 26. Qd5
Be6 1/2-1/2

[Event "Landsturneringen 2023"]
[Site "Vallhall, Oslo"]
[Date "2023.07.05"]
[Round "6"]
[White "Grave, Jacob Templen"]
[Black "Myagmarsuren, Evsuld"]
[Result "1-0"]
[WhiteTitle "CM"]
[WhiteElo "2255"]
[BlackElo "2184"]
[TimeControl "40/5400+30:1800+30"]
[BlackFideId "1551639"]
[WhiteFideId "1542656"]

1. d4 d5 2. c4 c6 3. Nf3 Nf6 4. e3 Bf5 5. Nc3 a6 6. Ne5 Nbd7 7. Qb3 Rb8 8.
Nxd7 Bxd7 9. cxd5 Nxd5 10. Bc4 e6 11. O-O Be7 12. e4 Nxc3 13. Qxc3 b5 14.
Bd3 Rc8 15. b4 e5 16. Be3 exd4 17. Bxd4 f6 18. Rad1 Be6 19. Bc2 Qc7 20. Bb3
Bxb3 21. Qxb3 Rd8 22. f4 Qc8 23. Kh1 Kf8 24. h3 h5 25. Rfe1 h4 26. Rd3 Rh6
27. f5 g6 28. Be3 g5 29. Rxd8+ Bxd8 30. Bc5+ Be7 31. Qc3 Bxc5 32. Qxc5+ Kf7
33. Rd1 Rh8 34. Qa7+ Kf8 35. Rd7 Rh6 36. Qc5+ Kg8 37. Qe7 Qf8 38. Rd8 1-0

[Event "Landsturneringen 2023"]
[Site "Vallhall, Oslo"]
[Date "2023.07.05"]
[Round "6"]
[White "Roulet-Dubonnet, Emerik Våpenstad"]
[Black "Brattgjerd, Isak Vinh"]
[Result "1-0"]
[WhiteTitle "FM"]
[WhiteElo "2197"]
[BlackElo "2185"]
[TimeControl "40/5400+30:1800+30"]
[BlackFideId "1549880"]
[WhiteFideId "1539477"]

1. d4 d5 2. c4 dxc4 3. Nf3 Nf6 4. e3 e6 5. Bxc4 c5 6. O-O a6 7. b3 Nbd7 8.
Bb2 Be7 9. dxc5 Bxc5 10. Nbd2 O-O 11. Qe2 Qe7 12. Rfd1 b5 13. Bd3 Nb6 14.
Ng5 Nbd5 15. a4 bxa4 16. Rxa4 a5 17. Qf3 Bb7 18. Qh3 h6 19. Rh4 Rfd8 20.
Rxh6 gxh6 21. Qxh6 Qf8 22. Qh7+ 1-0

[Event "Landsturneringen 2023"]
[Site "Vallhall, Oslo"]
[Date "2023.07.05"]
[Round "6"]
[White "Martinsen, Stig K"]
[Black "Tryggestad, Andreas G"]
[Result "1/2-1/2"]
[BlackTitle "FM"]
[WhiteElo "2172"]
[BlackElo "2200"]
[TimeControl "40/5400+30:1800+30"]
[BlackFideId "1513338"]
[WhiteFideId "1502824"]

1. d4 Nf6 2. c4 e6 3. Nc3 Bb4 4. Qc2 d5 5. cxd5 exd5 6. Nf3 O-O 7. Bf4 c5
8. a3 Bxc3+ 9. bxc3 Ne4 10. Rc1 Bf5 11. Qb2 Nc6 12. dxc5 Nxc5 13. Qb5 Qa5
14. Qxa5 Nxa5 15. Nd4 Be4 16. Bd6 Rfc8 17. Bxc5 Rxc5 18. e3 Rac8 1/2-1/2

[Event "Landsturneringen 2023"]
[Site "Vallhall, Oslo"]
[Date "2023.07.05"]
[Round "6"]
[White "Hølleland, Sigve"]
[Black "Unneland, Mathias"]
[Result "1-0"]
[BlackTitle "FM"]
[WhiteElo "2154"]
[BlackElo "2158"]
[TimeControl "40/5400+30:1800+30"]
[BlackFideId "1525581"]
[WhiteFideId "1513672"]

1. e4 c5 2. Nf3 d6 3. d4 cxd4 4. Qxd4 Nf6 5. Nc3 Nc6 6. Qd2 g6 7. Bc4 Bg7
8. O-O O-O 9. h3 Nd7 10. a3 Nc5 11. Qe2 a6 12. Rd1 b5 13. Ba2 Qc7 14. Nd5
Qb7 15. c3 Bd7 16. Bg5 Rfe8 17. Qe3 Ne6 18. Bh6 Bh8 19. Nb6 Rab8 20. Nxd7
Qxd7 21. h4 a5 22. h5 b4 23. cxb4 axb4 24. e5 bxa3 25. bxa3 Rb5 26. Bf4 Rf8
27. Bg3 gxh5 28. Rac1 Rd8 29. exd6 exd6 30. Rxd6 Qxd6 31. Bxd6 Rxd6 32. Qe4
Ne7 33. a4 Rb8 34. a5 Bf6 35. Bc4 Rb4 36. Qe1 Ra4 37. Bb3 Rg4 38. Nh2 Rg5
39. Nf3 Rg4 40. Nh2 Rg5 41. Qb4 Rc6 42. Rd1 Nc7 43. Ba4 Rcc5 44. Nf3 Rgf5
45. Bd7 Rfd5 46. Rxd5 Rc1+ 47. Kh2 Nexd5 48. Qb7 Be7 49. Qb8+ Kg7 50. Qb2+
Rc3 51. Nd4 Bd6+ 52. g3 Be5 53. Nf5+ Kf6 54. Qd2 Ne6 55. Qxd5 Kxf5 56. f4
1-0

[Event "Landsturneringen 2023"]
[Site "Vallhall, Oslo"]
[Date "2023.07.05"]
[Round "6"]
[White "Lye, Sverre"]
[Black "Hole, Øystein"]
[Result "0-1"]
[WhiteTitle "CM"]
[BlackTitle "IM"]
[WhiteElo "2107"]
[BlackElo "2267"]
[TimeControl "40/5400+30:1800+30"]
[BlackFideId "1501526"]
[WhiteFideId "1539353"]

1. e4 c6 2. d4 d5 3. exd5 cxd5 4. Bd3 Nc6 5. c3 Qc7 6. h3 g6 7. Qc2 Bf5 8.
Bxf5 gxf5 9. Ne2 e6 10. Bf4 Bd6 11. Bxd6 Qxd6 12. g4 Nge7 13. Nd2 O-O-O 14.
O-O-O Rdg8 15. Rdg1 Rg6 16. f4 h6 17. Nf3 fxg4 18. Ne5 Nxe5 19. fxe5 Qa6
20. Kb1 gxh3 21. Rxg6 Nxg6 22. Rxh3 Ne7 23. c4 dxc4 24. b3 b5 25. bxc4 bxc4
26. Rc3 Kd7 27. Rxc4 Rc8 28. Rxc8 Nxc8 29. Ka1 Ne7 30. Nc3 Qc4 31. Qd2 Nc6
32. Ne2 h5 33. Qb2 Qb4 34. Qc2 Nxd4 35. Qd1 Qe1 36. Qxe1 Nc2+ 37. Kb2 Nxe1
38. Nf4 h4 39. Kc3 Nf3 0-1

[Event "Landsturneringen 2023"]
[Site "Vallhall, Oslo"]
[Date "2023.07.05"]
[Round "6"]
[White "Lindbøl, Aleksander"]
[Black "Skotheim, Andreas"]
[Result "1-0"]
[BlackTitle "CM"]
[WhiteElo "2234"]
[BlackElo "2241"]
[TimeControl "40/5400+30:1800+30"]
[BlackFideId "1518526"]
[WhiteFideId "1520644"]

1. c4 Nf6 2. Nc3 e6 3. e4 d5 4. e5 d4 5. exf6 dxc3 6. bxc3 Qxf6 7. Nf3 h6
8. d4 Nd7 9. Bd3 Bd6 10. Nd2 c5 11. Ne4 Qe7 12. Qg4 Kf8 13. Nxd6 Qxd6 14.
O-O e5 15. Qg3 cxd4 16. cxd4 Qxd4 17. Rd1 Qc5 18. Bf5 Qc7 19. Ba3+ Kg8 20.
Bd6 Qc6 21. Bxe5 f6 22. Bxd7 Bxd7 23. Rd6 fxe5 24. Rad1 Re8 25. Rxd7 Qf6
26. R1d6 Qg5 27. Qxg5 hxg5 28. Rg6 Rh4 29. g3 Rxc4 30. Rgxg7+ Kh8 31. Rh7+
Kg8 32. Rdg7+ Kf8 33. Rxb7 1-0

[Event "Landsturneringen 2023"]
[Site "Vallhall, Oslo"]
[Date "2023.07.05"]
[Round "6"]
[White "Gomez Aguirre, Juan Alberto"]
[Black "Moen, Andreas G.R."]
[Result "1-0"]
[WhiteTitle "CM"]
[BlackTitle "IM"]
[WhiteElo "2157"]
[BlackElo "2287"]
[TimeControl "40/5400+30:1800+30"]
[BlackFideId "1501453"]
[WhiteFideId "54587867"]

1. e4 c5 2. c3 Nf6 3. e5 Nd5 4. Nf3 Nc6 5. Bc4 e6 6. O-O d6 7. d4 cxd4 8.
cxd4 Be7 9. Qe2 O-O 10. Qe4 Ndb4 11. exd6 Qxd6 12. Nc3 f5 13. Qe2 a6 14.
Rd1 Na5 15. Bg5 Bxg5 16. Nxg5 Nxc4 17. Qxc4 Rd8 18. Qb3 b5 19. Re1 Nc6 20.
Nxe6 1-0

[Event "Landsturneringen 2023"]
[Site "Vallhall, Oslo"]
[Date "2023.07.05"]
[Round "6"]
[White "Blauhut, Holger"]
[Black "Dahl, Max"]
[Result "1/2-1/2"]
[WhiteTitle "CM"]
[WhiteElo "2054"]
[BlackElo "2169"]
[TimeControl "40/5400+30:1800+30"]
[BlackFideId "1526626"]
[WhiteFideId "24665177"]

1. e4 e6 2. d4 d5 3. Bd3 dxe4 4. Bxe4 Nf6 5. Bf3 c5 6. Ne2 Be7 7. O-O O-O
8. Be3 Qc7 9. dxc5 Bxc5 10. Bxc5 Qxc5 11. Qd4 Qxc2 12. Rc1 Qg6 13. Rxc8
Rxc8 14. Bxb7 Nc6 15. Qa4 Ne5 16. Bxa8 Rxa8 17. Ng3 h5 18. Nd2 Rd8 19. Nde4
h4 20. Nxf6+ Qxf6 21. Nf1 h3 22. Rd1 hxg2 23. Rxd8+ Qxd8 24. Ng3 Qd5 25.
Qe4 Nd3 26. Qxd5 exd5 27. Nf5 Nf4 28. Ne3 d4 29. Nxg2 Nd3 30. Kf1 Nxb2 31.
Ke2 Kh7 32. Nh4 g6 33. Nf3 d3+ 34. Kd2 Kh6 35. Nd4 Kg5 36. Nc6 Kf4 37. Nxa7
Kf3 38. Nc6 f6 39. a4 Nxa4 40. Kxd3 Kxf2 41. Ne7 g5 42. Ke4 Kg2 43. Kf5
Kxh2 44. Nd5 Kg3 45. Nxf6 Kh4 46. Ke4 Nc3+ 47. Kf3 Kh3 48. Ng4 Ne4 49. Nh6
Nf6 50. Ke2 Ne4 51. Kf3 Nd6 52. Kf2 Kh4 53. Kg2 Kh5 54. Ng8 Ne8 55. Ne7 Nf6
56. Nc6 Nd5 57. Ne5 Nf4+ 58. Kg3 Ne2+ 59. Kg2 Nd4 60. Nf7 g4 61. Ne5 Nf3
62. Nxf3 1/2-1/2

[Event "Landsturneringen 2023"]
[Site "Vallhall, Oslo"]
[Date "2023.07.05"]
[Round "6"]
[White "Machlik, Monika"]
[Black "Johnson, Daniel"]
[Result "0-1"]
[WhiteElo "2119"]
[BlackElo "2224"]
[TimeControl "40/5400+30:1800+30"]
[BlackFideId "1721283"]
[WhiteFideId "1513621"]

1. d4 Nf6 2. c4 e6 3. Nc3 d5 4. cxd5 exd5 5. Bg5 c6 6. e3 Bd6 7. Bd3 O-O 8.
Nge2 Re8 9. Qc2 h6 10. Bh4 a5 11. h3 Na6 12. a3 Nc7 13. O-O Ne6 14. f3 Ng5
15. e4 Nfxe4 16. fxe4 Nxh3+ 17. gxh3 Qxh4 18. Rf2 Bxh3 19. Qd2 Qg4+ 20. Kh1
dxe4 21. Nxe4 Rxe4 22. Bxe4 Qxe4+ 23. Kg1 Qg4+ 24. Kh1 Qh4 25. Kg1 Re8 26.
Nf4 Qg3+ 27. Kh1 Bf5 0-1

[Event "Landsturneringen 2023"]
[Site "Vallhall, Oslo"]
[Date "2023.07.05"]
[Round "6"]
[White "Nettleton, Charlie"]
[Black "Manne, Per Erik"]
[Result "1/2-1/2"]
[BlackTitle "FM"]
[WhiteElo "2090"]
[BlackElo "2197"]
[TimeControl "40/5400+30:1800+30"]
[BlackFideId "1502867"]
[WhiteFideId "419710"]

1. d4 Nf6 2. Nf3 g6 3. e3 Bg7 4. b3 c5 5. Bb2 cxd4 6. Nxd4 Nc6 7. Be2 O-O
8. O-O Qc7 9. c4 a6 10. Nc3 d6 11. Rc1 Qa5 12. a3 Bd7 13. Bf3 Rab8 14. Qd2
Nxd4 15. exd4 Bg4 16. Bxg4 Nxg4 17. Qe2 Nh6 18. Nd5 e6 19. b4 Qd8 20. Ne3
Qh4 21. d5 Bxb2 22. Qxb2 Ng4 23. Nxg4 Qxg4 24. Qf6 exd5 25. cxd5 Qd7 26. h4
Rfe8 27. h5 Qe7 28. Qxe7 Rxe7 29. Rfe1 Rxe1+ 30. Rxe1 Kf8 31. Rc1 Re8 32.
Rc7 Re7 33. Rc8+ Re8 34. Rc7 1/2-1/2

[Event "Landsturneringen 2023"]
[Site "Vallhall, Oslo"]
[Date "2023.07.05"]
[Round "6"]
[White "Engelsen, Teodor Tenfjord"]
[Black "Kolås, Tore"]
[Result "1/2-1/2"]
[WhiteElo "1977"]
[BlackElo "2141"]
[TimeControl "40/5400+30:1800+30"]
[BlackFideId "1502050"]
[WhiteFideId "45188521"]

1. Nf3 c5 2. g3 Nc6 3. c4 g6 4. Bg2 Bg7 5. Nc3 e5 6. d3 Nge7 7. h4 h6 8. h5
g5 9. Nxg5 hxg5 10. Bxg5 f6 11. h6 fxg5 12. hxg7 Rxh1+ 13. Bxh1 Kf7 14. e3
Kxg7 15. Qh5 Qh8 16. Qxg5+ Ng6 17. Ke2 Qh6 18. Qxh6+ Kxh6 19. Ne4 b6 20.
Nd6 Ba6 21. Be4 Kg7 22. a3 Rh8 23. b4 Nce7 24. b5 Bc8 25. f4 exf4 26. exf4
Kf6 27. Rf1 Nf8 28. f5 Rh2+ 29. Ke3 Nh7 30. Ne8+ Kf7 31. Nd6+ Kf6 32. Ne8+
Kf7 33. Nd6+ 1/2-1/2

[Event "Landsturneringen 2023"]
[Site "Vallhall, Oslo"]
[Date "2023.07.05"]
[Round "6"]
[White "Aulin-Jansson, Jøran"]
[Black "Røyset, Pål Nikolai"]
[Result "0-1"]
[WhiteTitle "FM"]
[BlackTitle "CM"]
[WhiteElo "2140"]
[BlackElo "2165"]
[TimeControl "40/5400+30:1800+30"]
[BlackFideId "1501330"]
[WhiteFideId "1500279"]

1. e4 c5 2. Nc3 Nc6 3. f4 e6 4. Nf3 d5 5. Bb5 d4 6. Ne2 Bd7 7. O-O a6 8.
Bxc6 Bxc6 9. d3 Bd6 10. Ne5 Ne7 11. Nxc6 Nxc6 12. Ng3 O-O 13. Qg4 Qd7 14.
e5 f5 15. exf6 Rxf6 16. Ne4 Rf5 17. a3 Raf8 18. Bd2 Ne7 19. Rf3 Nd5 20. Re1
Be7 21. Rf2 b5 22. Ng3 R5f6 23. Rfe2 Rg6 24. Qf3 Bh4 25. Re5 c4 26. Qe4 c3
27. bxc3 dxc3 28. Bc1 Nf6 29. Qb4 Ng4 30. Rh5 Be7 31. Qxc3 Rc8 32. Qd2 Qd4+
33. Kf1 Bc5 34. Ke2 Nxh2 35. Rxh2 Rxg3 36. Kd1 b4 37. axb4 Bxb4 38. Qe2 Rc6
39. Reh1 h6 40. Rh3 Rxh3 41. gxh3 Qd5 42. Rg1 Bc3 43. Qe4 Qh5+ 44. Qe2 Qxh3
45. Be3 a5 46. Bd2 Rb6 47. Kc1 Bb2+ 48. Kd1 Bd4 49. Re1 Rb1+ 50. Bc1 Bc3
51. Rf1 Qf5 52. Qf3 a4 53. Qa8+ Kh7 54. Ke2 Qh5+ 55. Ke3 Qh3+ 56. Rf3 0-1

[Event "Landsturneringen 2023"]
[Site "Vallhall, Oslo"]
[Date "2023.07.06"]
[Round "7"]
[White "Grave, Jacob Templen"]
[Black "Roulet-Dubonnet, Emerik Våpenstad"]
[Result "1/2-1/2"]
[WhiteTitle "CM"]
[BlackTitle "FM"]
[WhiteElo "2255"]
[BlackElo "2197"]
[TimeControl "40/5400+30:1800+30"]
[BlackFideId "1539477"]
[WhiteFideId "1542656"]

1. d4 Nf6 2. c4 e6 3. g3 d5 4. Bg2 Be7 5. Nf3 O-O 6. Nbd2 b6 7. cxd5 Nxd5
8. O-O Bb7 9. b3 c5 10. Bb2 Nc6 11. Ne4 Nf6 12. Ne5 Qc7 13. Nxc6 Bxc6 14.
Qc2 Bxe4 15. Bxe4 Nxe4 16. Qxe4 Bf6 17. Rac1 1/2-1/2

[Event "Landsturneringen 2023"]
[Site "Vallhall, Oslo"]
[Date "2023.07.06"]
[Round "7"]
[White "Tryggestad, Andreas G"]
[Black "Gomez Aguirre, Juan Alberto"]
[Result "1-0"]
[WhiteTitle "FM"]
[BlackTitle "CM"]
[WhiteElo "2200"]
[BlackElo "2157"]
[TimeControl "40/5400+30:1800+30"]
[BlackFideId "54587867"]
[WhiteFideId "1513338"]

1. d4 Nf6 2. c4 e6 3. Nf3 d5 4. Nc3 Be7 5. Bg5 h6 6. Bxf6 Bxf6 7. e3 c6 8.
Qc2 Nd7 9. h4 b6 10. cxd5 exd5 11. Bd3 Bb7 12. O-O-O g6 13. Rde1 O-O 14. g4
Bg7 15. g5 h5 16. Kb1 c5 17. Qd2 Re8 18. Bc2 a6 19. Nh2 Nb8 20. f4 Nc6 21.
Nf3 cxd4 22. exd4 Qd6 23. f5 gxf5 24. Bxf5 Ne7 25. Bc2 Ng6 26. Ref1 Re7 27.
Ne1 Rae8 28. Bd1 Qg3 29. Nc2 Qd6 30. Bxh5 b5 31. Bg4 b4 32. Nd1 Bc8 33.
Bxc8 Rxc8 34. h5 Nf8 35. Nde3 b3 36. axb3 Rec7 37. h6 Bh8 38. h7+ Nxh7 39.
Rh6 Qd8 40. Qh2 1-0

[Event "Landsturneringen 2023"]
[Site "Vallhall, Oslo"]
[Date "2023.07.06"]
[Round "7"]
[White "Hole, Øystein"]
[Black "Hølleland, Sigve"]
[Result "1/2-1/2"]
[WhiteTitle "IM"]
[WhiteElo "2267"]
[BlackElo "2154"]
[TimeControl "40/5400+30:1800+30"]
[BlackFideId "1513672"]
[WhiteFideId "1501526"]

1. Nf3 Nf6 2. c4 e6 3. Nc3 c5 4. g3 d5 5. cxd5 exd5 6. d4 Nc6 7. Bg2 cxd4
8. Nxd4 Bc5 9. Nb3 Bb6 10. O-O d4 11. Na4 O-O 12. Bg5 Re8 13. Re1 Be6 14.
Nxb6 axb6 15. Bxc6 Bxb3 16. Qxb3 bxc6 17. e3 h6 18. Bxf6 Qxf6 19. exd4 Qxd4
20. Rxe8+ 1/2-1/2

[Event "Landsturneringen 2023"]
[Site "Vallhall, Oslo"]
[Date "2023.07.06"]
[Round "7"]
[White "Brattgjerd, Isak Vinh"]
[Black "Martinsen, Stig K"]
[Result "1-0"]
[WhiteElo "2185"]
[BlackElo "2172"]
[TimeControl "40/5400+30:1800+30"]
[BlackFideId "1502824"]
[WhiteFideId "1549880"]

1. e4 c5 2. Nf3 d6 3. d4 cxd4 4. Nxd4 Nf6 5. Nc3 Nc6 6. Bg5 e6 7. Qd2 a6 8.
O-O-O Bd7 9. f4 b5 10. Bxf6 gxf6 11. f5 Qb6 12. fxe6 fxe6 13. Nxc6 Qxc6 14.
Qd4 Be7 15. Be2 Qc5 16. Qxc5 dxc5 17. Bh5+ Kd8 18. Ne2 Kc7 19. g3 Rhg8 20.
Nf4 Rg7 21. Rhf1 Rf8 22. Be2 c4 23. b3 cxb3 24. axb3 Bd6 25. Rf3 Rgf7 26.
Rc3+ Bc6 27. Nxe6+ Kd7 28. Nxf8+ Rxf8 29. Rcd3 1-0

[Event "Landsturneringen 2023"]
[Site "Vallhall, Oslo"]
[Date "2023.07.06"]
[Round "7"]
[White "Myagmarsuren, Evsuld"]
[Black "Lindbøl, Aleksander"]
[Result "1-0"]
[WhiteElo "2184"]
[BlackElo "2234"]
[TimeControl "40/5400+30:1800+30"]
[BlackFideId "1520644"]
[WhiteFideId "1551639"]

1. e4 c6 2. d4 d5 3. e5 c5 4. dxc5 e6 5. Be3 Nd7 6. Nf3 Bxc5 7. Bxc5 Nxc5
8. Qd4 Qb6 9. a4 Ne7 10. a5 Qc7 11. Qc3 Bd7 12. Nbd2 Rc8 13. Be2 O-O 14.
O-O Ng6 15. Qe3 Ne4 16. Nxe4 dxe4 17. Qxe4 Qxc2 18. Qe3 Qc5 19. Qd2 Qc7 20.
b4 Bc6 21. Rac1 Qb8 22. Rfd1 Nxe5 23. Nd4 Bd5 24. Nf5 Ng6 25. Qb2 exf5 26.
Rxd5 Rxc1+ 27. Qxc1 Nf4 28. Rd2 Rc8 29. Qd1 Nxe2+ 30. Rxe2 Qd6 31. Qe1 g6
32. Re8+ Rxe8 33. Qxe8+ Kg7 34. Qe1 Qd4 35. Kh1 a6 36. h3 Kf6 37. f3 h6 38.
Qb1 Qc3 39. f4 Kg7 40. h4 Qg3 41. Qa1+ Kg8 42. h5 Qxf4 43. hxg6 Qh4+ 44.
Kg1 fxg6 45. Qc3 Qe7 46. b5 axb5 47. Qb3+ Kh7 48. Qxb5 h5 49. Qd5 h4 50.
Kh2 Qc7+ 51. Kh1 Qc1+ 52. Kh2 Qf4+ 53. Kg1 Qe4 54. Qd7+ Kh6 55. Qd2+ Kh5
56. Qd1+ Kg5 57. Qd2+ Kg4 58. Qd1+ Kg3 59. Qb3+ Kf4 60. Kh2 Qe5 61. Qxb7
Kg5+ 62. Kh1 Qxa5 63. Qe7+ Kg4 64. Qe2+ Kf4 65. Qf2+ Kg5 66. Qe3+ Kh5 67.
Qe2+ Kh6 68. Qe3+ g5 69. Qe6+ Kh5 70. Qf7+ Kg4 71. Qc4+ Kg3 72. Qd3+ Kf4
73. Qd4+ 1-0

[Event "Landsturneringen 2023"]
[Site "Vallhall, Oslo"]
[Date "2023.07.06"]
[Round "7"]
[White "Moen, Andreas G.R."]
[Black "Lye, Sverre"]
[Result "1-0"]
[WhiteTitle "IM"]
[BlackTitle "CM"]
[WhiteElo "2287"]
[BlackElo "2107"]
[TimeControl "40/5400+30:1800+30"]
[BlackFideId "1539353"]
[WhiteFideId "1501453"]

1. e4 c5 2. Nf3 d6 3. d4 cxd4 4. Nxd4 Nf6 5. Nc3 a6 6. Be2 e6 7. O-O Be7 8.
a4 b6 9. f4 O-O 10. Bf3 Ra7 11. Qe1 Rc7 12. g4 d5 13. e5 Bc5 14. Be3 Ne4
15. Bxe4 dxe4 16. Rd1 Rd7 17. Qf2 Bb7 18. Nde2 Qc7 19. Bxc5 bxc5 20. Qe3
Rxd1 21. Rxd1 Qb6 22. b3 Qb4 23. Ng3 Nc6 24. Ncxe4 Nd4 25. Rd2 Qa3 26. Kf2
Qc1 27. Nxc5 Nf3 28. Nxb7 Nxd2 29. Ke2 Rc8 30. Ne4 Nxb3 31. cxb3 Qh1 32.
Nbc5 Qxh2+ 33. Kd3 Qg2 34. g5 Qf1+ 35. Kc3 Rd8 36. Nd6 Qa1+ 37. Kb4 Rb8+
38. Ka5 Qh1 39. Qe4 Qh3 40. b4 Qc3 41. Nxa6 Rf8 42. Kb6 Qd2 43. Ka7 f6 44.
Qc4 h5 45. g6 Qd5 46. Qxd5 exd5 47. e6 d4 48. Nc5 h4 49. e7 h3 50. Ne6 1-0

[Event "Landsturneringen 2023"]
[Site "Vallhall, Oslo"]
[Date "2023.07.06"]
[Round "7"]
[White "Johnson, Daniel"]
[Black "Blauhut, Holger"]
[Result "1/2-1/2"]
[BlackTitle "CM"]
[WhiteElo "2224"]
[BlackElo "2054"]
[TimeControl "40/5400+30:1800+30"]
[BlackFideId "24665177"]
[WhiteFideId "1721283"]

1. Nf3 d5 2. g3 Nf6 3. Bg2 e6 4. O-O Be7 5. c4 O-O 6. d3 b6 7. cxd5 exd5 8.
Nc3 Bb7 9. Nd4 Re8 10. Nf5 Bf8 11. e4 dxe4 12. dxe4 Qxd1 13. Rxd1 Na6 14.
f3 g6 15. Nd4 c6 16. Bg5 Nh5 17. Kf2 Ng7 18. Be3 Nc7 19. Rac1 Nge6 20. Nxe6
Nxe6 21. e5 Rad8 22. Ne4 Be7 23. f4 Rxd1 24. Rxd1 Rd8 25. Rxd8+ Nxd8 26. g4
Ba6 27. Bf1 Bxf1 28. Kxf1 Ne6 29. Ke2 Nc7 30. Kd3 Nd5 31. Bd2 f6 32. exf6
Nxf6 33. Nxf6+ Bxf6 34. b3 Kf7 35. Ke4 Ke6 36. f5+ gxf5+ 37. gxf5+ Kd7 38.
Bf4 Ke7 39. Bb8 Kd7 40. Bf4 Ke7 41. a4 Kd7 42. Be3 Bc3 43. h3 Ke7 44. Bg5+
Kf7 45. Bh4 a6 46. Bd8 b5 1/2-1/2

[Event "Landsturneringen 2023"]
[Site "Vallhall, Oslo"]
[Date "2023.07.06"]
[Round "7"]
[White "Skotheim, Andreas"]
[Black "Dahl, Max"]
[Result "0-1"]
[WhiteTitle "CM"]
[WhiteElo "2241"]
[BlackElo "2169"]
[TimeControl "40/5400+30:1800+30"]
[BlackFideId "1526626"]
[WhiteFideId "1518526"]

1. e4 e6 2. d3 d5 3. Nd2 Nf6 4. Ngf3 Nc6 5. c3 e5 6. Be2 Bd6 7. exd5 Nxd5
8. Nc4 O-O 9. O-O Re8 10. Re1 Nb6 11. Nxd6 Qxd6 12. Ng5 Bf5 13. Ne4 Qe7 14.
Bf3 Rad8 15. Qc2 a5 16. a4 f6 17. g3 Qf7 18. Nc5 Bc8 19. Be3 Nd7 20. Rad1
Nxc5 21. Bxc5 Be6 22. c4 Qd7 23. Qb3 b6 24. Be3 Nd4 25. Bxd4 Qxd4 26. Bc6
Re7 27. Qa3 Qc5 28. Qxc5 bxc5 29. f4 exf4 30. gxf4 Kf8 31. Kf2 Bf5 32. Rxe7
Kxe7 33. Ke3 Rd6 34. Bd5 Rb6 35. Rd2 Bd7 36. Bg8 h6 37. Ke4 Bc6+ 38. Bd5
Bxa4 39. d4 cxd4 40. Kxd4 Bd7 41. Re2+ Kf8 42. Kc5 g5 43. Rf2 g4 44. Re2 h5
45. Rd2 h4 46. Re2 a4 47. Rf2 g3 48. hxg3 hxg3 49. Rf3 Rb3 50. Rxb3 axb3
0-1